 Dungeon Crawl Stone Soup version 0.30.1-4-g462c640d31 (webtiles) character file.

Game seed: 3784859381569716067

453 pixierail the Insei (level 7, -2/46 HPs)
             Began as an Octopode Transmuter on Sept 2, 2023.
             Slain by an iguana (12 damage)
             ... on level 4 of the Dungeon.
             The game lasted 00:21:52 (3113 turns).

pixierail the Insei (Octopode Transmuter)           Turns: 3113, Time: 00:21:53

Health: -2/46      AC:  2    Str:  9    XL:     7   Next: 5%
Magic:  9/11       EV: 20    Int: 18    God:
Gold:   360        SH:  0    Dex: 17    Spells: 4/12 levels left

rFire   . .          .
                       - Unarmed
rCold   . . .        (shield currently unavailable)
rNeg    . . .        (helmet currently unavailable)
rPois   x            (no amulet)
rElec   .            (no ring)
rCorr   .            (no ring)
SInv    .            (no ring)
Will    .....        (no ring)
Stlth   ++           (no ring)
HPRegen 0.27/turn    (no ring)
MPRegen 0.12/turn    (no ring)
                     (no ring)

%: no passive effects
@: spider-form (expiring)
A: venomous fangs, almost no armour, (amphibious), 8 rings, tiny, (camouflage
1), (gelatinous body 1), (nimble swimmer 1), (tentacles)
a: End Transformation


You were on level 4 of the Dungeon.
You were a venomous arachnid creature.
You visited 1 branch of the dungeon, and saw 4 of its levels.
You also visited: Sewer.

You collected 360 gold pieces.

Inventory:

Wands
 h - a wand of mindburst (13)
 t - a wand of paralysis (7)
Scrolls
 b - a scroll of butterflies {unknown}
 c - 2 scrolls of brand weapon {unknown}
 d - 3 scrolls of noise {unknown}
 e - 4 scrolls of identify {unknown}
 f - 4 scrolls of immolation {unknown}
 g - 4 scrolls of amnesia {unknown}
 i - 2 scrolls of enchant weapon {unknown}
 k - 2 scrolls of fog {unknown}
 r - a scroll of poison {unknown}
 u - a scroll of fear {unknown}
Potions
 a - 3 potions of lignification
 j - a potion of ambrosia {unknown}
 l - 2 potions of might {unknown}
 m - 2 potions of berserk rage {unknown}
 n - a potion of cancellation {unknown}
 o - a potion of brilliance {unknown}
 p - a potion of degeneration {unknown}
 q - 3 potions of mutation {unknown}
 s - a potion of curing {unknown}


   Skills:
 + Level 3.2 Fighting
 - Level 3.0 Dodging
 + Level 4.3 Unarmed Combat
 - Level 3.1 Spellcasting
 + Level 3.7 Transmutations
 + Level 2.5 Poison Magic


You had 4 spell levels left.
You knew the following spells:

 Your Spells              Type           Power      Damage    Failure   Level
a - Beastly Appendage     Tmut           32%        N/A       12%         1
b - Spider Form           Tmut/Pois      14%        N/A       30%         3
c - Ice Form              Ice/Tmut       9%         N/A       78%         4

Your spell library contained the following spells:

 Spells                   Type           Power      Damage    Failure   Level
 Wereblood                Tmut           16%        N/A       16%         2
 Magic Dart               Conj           8%         1d3       34%         1
 Call Imp                 Summ           4%         N/A       45%         2
 Mephitic Cloud           Conj/Pois/Air  5%         N/A       56%         3


Dungeon Overview and Level Annotations

Branches:
Dungeon (4/15)              Sewer (visited)
 Temple: D:4-7

Altars:
Elyvilon
Nemelex Xobeh
Trog
Vehumet

Shops:
D:1 =**:   D:2 [:

Annotations:
D:4 3 runed translucent doors, kalagan's ghost, amateur DECj


Innate Abilities, Weirdness & Mutations

You are a venomous arachnid creature.
You have venomous fangs.
You are tiny and dextrous.
Your spellcasting is less reliable in this form.
Your armour is entirely melded.
You are incapable of wielding weapons or throwing items.
You cannot wear most types of armour.
((You are amphibious.))
You can wear up to eight rings at the same time.
((Your skin changes colour to match your surroundings (Stealth+).))
((Your rubbery body absorbs attacks. (AC +1, EV +1)))
((You are camouflaged when in or above water. (Stealth+)))
((You have tentacles for arms and can constrict up to eight enemies at once.))


Message History

You kill the endoplasm!
Casting: Beastly Appendage (safe; 3% risk of failure)
Confirm with . or Enter, or press ? or * to list all spells.
Your tentacle spike disappears.
You turn into a venomous arachnid creature.
The iguana hisses angrily.
The ogre shouts!
You hear a shout!
A gnoll comes into view. It is wielding a +0 spear.
A gnoll comes into view. It is wielding a +4 spear.
The gnoll shouts!
You hit the ogre.
The ogre is poisoned.
The ogre is moderately wounded.
The ogre misses you.
A gnoll comes into view. It is wielding a +0 whip.
The iguana misses you.
The gnoll shouts!
You bite the ogre!
The ogre is severely wounded.
The iguana misses you.
You hit the ogre.
The ogre looks as sick as possible!
The ogre is severely wounded.
The ogre hits you with a +0 giant club! The iguana misses you.
The gnoll misses you.
You hit the ogre.
You kill the ogre!
The iguana bites you! The gnoll completely misses you.
Training target 3.0 for Dodging reached!
Your Dodging skill increases to level 3!
You have reached level 7!
The iguana attacks as you move away! The iguana barely misses you.
The iguana attacks as you move away! The iguana barely misses you.
The orc shouts!
The orc priest shouts!
You hear a shout! x2
The orc shouts!
You hear a shout! x2
The iguana attacks as you move away! The iguana bites you!
The iguana attacks as you move away! The iguana bites you.
* * * LOW HITPOINT WARNING * * *
Your transformation is almost over.
The iguana attacks as you move away! The iguana barely misses you.
The iguana attacks as you move away! The iguana bites you!
You die...

.........# ..........## ###
.......... ###.## .........#
#....# ...#.(...### #.....
...#.......###...#.
#....)....##....##
##.###......>.....# #
#.s.g...##........#
.###.##l###...##........ # ###
#........g###...8######## .#
##.##...........###g..#o... #
.###...............g#....#o.##
#
..#..............#.......#o.#8
#
.........................#W.##
#
...†.....................#o#..
#
...................#.#...+.#..
#


You could see an iguana and 3 gnolls.

Vanquished Creatures
  2 ogres
  A centaur (D:4)
  An orc priest (D:2)
  A hell rat (Sewer)
  A river rat (Sewer)
  7 adders
  An ufetubus (D:4)
  3 worms
  6 orcs
  4 ball pythons
  7 endoplasms
  2 giant cockroaches
  7 goblins
  13 hobgoblins
  A kobold (D:3)
  6 quokkas
  4 bats
  2 frilled lizards
  12 rats
81 creatures vanquished.

Notes
Turn   | Place    | Note
-------+----------+-------------------------------------------
     0 | D:1      | pixierail the Octopode Transmuter began the quest for the
                  | Orb.
     0 | D:1      | Reached XP level 1. HP: 13/13 MP: 3/3
    26 | D:1      | Found Witwiex's Book Emporium.
    34 | D:1      | Found Xohanide's General Store.
   133 | D:1      | Found Biheatir's Jewellery Shoppe.
   160 | D:1      | Found Dilitrou's Assorted Antiques.
   184 | D:1      | Reached XP level 2. HP: 10/18 MP: 3/5
   606 | D:2      | Reached XP level 3. HP: 23/23 MP: 4/6
   612 | D:2      | Learned a level 3 spell: Spider Form
   742 | D:2      | Reached XP level 4. HP: 18/29 MP: 7/7
   879 | D:2      | Found Ygayger's Book Emporium.
  1080 | D:2      | Found Xupt's Antique Armour Shoppe.
  1389 | D:3      | Found a bloodstained altar of Trog.
  1390 | D:3      | Found a sparkling altar of Nemelex Xobeh.
  1391 | D:3      | Found a radiant altar of Vehumet.
  1424 | D:3      | Noticed an ogre
  1441 | D:3      | Killed an ogre
  1442 | D:3      | Reached skill level 1 in Poison Magic
  1442 | D:3      | Reached XP level 5. HP: 35/35 MP: 5/9
  1972 | D:3      | Reached XP level 6. HP: 27/41 MP: 10/10
  1974 | D:3      | Found a glowing drain.
  1978 | Sewer    | Entered a sewer
  1989 | Sewer    | Reached skill level 4 in Unarmed Combat
  2248 | Sewer    | Learned a level 4 spell: Ice Form
  2849 | D:4      | Found a runed translucent gate.
  2849 | D:4      | Found a runed translucent gate.
  2849 | D:4      | Found a runed translucent gate.
  2851 | D:4      | Identified the +6 plate armour "Foiguqo" {rN+ Dex+3}
  2851 | D:4      | Noticed an orc warrior
  2852 | D:4      | Noticed kalagan's ghost (amateur DECj)
  2854 | D:4      | Found a white marble altar of Elyvilon.
  3101 | D:4      | Reached XP level 7. HP: 20/46 MP: 7/11
  3113 | D:4      | Slain by an iguana

Illustrated notes

Levels and vault maps discovered:
D:1:      scummos_arrival_simple_fountains, layout_rooms, serial_shops,
          nicolae_shop_waterfront, shop_statue, nicolae_shop_tiny_waterfront,
          shop
D:2:      layout_rooms, serial_shops, shop, nicolae_lakefront_shop,
          minmay_gold_behind_fungi
D:3:      cheibrodos_greedy_goblins, layout_loops_corners,
          gammafunk_temple_overflow_forgotten, gup_sewer_entry_spiral,
          grunt_decor_cap
D:4:      layout_cave_pools, mainiacjoe_overflow_chevrons,
          biasface_ghost_orc_armoury, minmay_distorted

Skill      XL: |  1  2  3  4  5  6 |
---------------+-------------------+-----
Fighting       | 2 3 |  3.2
Transmutations | 3 |  3.7
Poison Magic   | 1 2 |  2.5
Spellcasting   | 3 |  3.1
Unarmed Combat | 4 |  4.3
Dodging        | 3 |  3.0

Action                     |  1- 3 |  4- 6 |  7- 9 || total
---------------------------+-------+-------+-------++-------
  Melee: Unarmed           |    38 |   143 |       ||   181
         Kick              |    13 |    35 |       ||    48
         Constrict         |     9 |    36 |       ||    45
         Tentacles         |     9 |    24 |       ||    33
         Punch             |     1 |     6 |       ||     7
   Cast: Beastly Appendage |    14 |    24 |       ||    38
         Spider Form       |       |     3 |       ||     3
   Stab: Sleeping          |     6 |     7 |       ||    13
 Armour: Skin              |     3 |     8 |       ||    11
  Dodge: Dodged            |    20 |    87 |     3 ||   110
